 Dungeon Crawl Stone Soup version 0.27.1-1-g398f81649c (webtiles) character file.

Game seed: 12238735121145282456

670 NFM the Chopper (level 7, -2/59 (61) HPs)
             Began as a Hill Orc Fighter on Sept 18, 2021.
             Was an Initiate of Gozag.
             Slain by a wight (7 damage)
             ... on level 6 of the Dungeon.
             The game lasted 00:17:32 (5161 turns).

NFM the Chopper (Hill Orc Fighter)                  Turns: 5161, Time: 00:17:33

HP:   -2/59 (61)    AC:  4    Str: 20    XL:     7   Next: 58%
MP:   7/7           EV: 10    Int:  8    God:    Gozag
Gold: 145           SH: 10    Dex: 11    Spells: 6/6 levels left

rFire    . . .     SeeInvis .   a - +0 war axe (elec)
rCold    + . .     Faith    .   c - +0 kite shield
rNeg     . . .     Spirit   .   f - +2 robe {rC+}
rPois    .         Reflect  .   (no helmet)
rElec    .         Harm     .   (no cloak)
rCorr    .         Rampage  .   (no gloves)
Will     .....                  (no boots)
Stlth    ++........             (no amulet)
HPRegen  0.19/turn              (no ring)
MPRegen  0.10/turn              (no ring)

@: gold aura, lightly drained
A: no striking features
a: Renounce Religion, Potion Petition, Call Merchant, Bribe Branch


You were on level 6 of the Dungeon.
You worshipped Gozag.
Gozag was aware of your devotion.
You visited 1 branch of the dungeon, and saw 6 of its levels.

You collected 155 gold pieces.
You paid 10 gold pieces to Gozag.

Inventory:

Hand Weapons
 a - a +0 war axe of electrocution (weapon)
 k - a +2 dagger of venom
Armour
 b - a +0 scale mail
 c - a +0 kite shield (worn)
 f - a +2 robe of cold resistance (worn)
Magical Staves
 o - a staff of death
Scrolls
 p - a scroll of identify
Potions
 d - a potion of might
 e - a potion of haste {unknown}
 g - a potion of heal wounds {unknown}
 h - 2 potions of resistance
 i - a potion of ambrosia
 l - a potion of degeneration {unknown}
 n - a potion of brilliance {unknown}
 q - a potion of magic {unknown}
 r - a potion of flight {unknown}
 t - a potion of lignification {unknown}


   Skills:
 + Level 5.2 Fighting
 + Level 6.9 Axes
 + Level 3.7 Armour
 + Level 2.2 Dodging
 + Level 1.5 Stealth
 + Level 5.1 Shields


You had 6 spell levels left.
You didn't know any spells.
Your spell library was empty.

Dungeon Overview and Level Annotations

Branches:
Dungeon (6/15)
 Temple: D:4-7

Altars:
Ashenzari
Gozag
Nemelex Xobeh
Okawaru
Ru
Wu Jian
Zin
The Shining One

Shops:
D:3 !

Portals:
Abyss: D:5

Annotations:
D:4 Grinder
D:5 2 transporters, IBeShadow's ghost, novice GnWz; Menkaure


Message History

The wight hits you with a +0 great sword!
The wight closely misses you.
You barely miss the wight. You hit the wight but do no damage.
Lightning courses through the wight!!
You destroy the wight!
You barely miss the wight. The wight hits you with a +0 falchion!
You feel drained. The wight hits you with a +0 falchion.
* * * LOW HITPOINT WARNING * * *
You feel drained.
The wight hits you with a +0 great sword!
* * * LOW HITPOINT WARNING * * *
You feel drained.
* * * LOW HITPOINT WARNING * * *
You feel better. You block the wight's attack.
The wight hits you but does no damage. You block the wight's attack.
You hit the wight but do no damage. Lightning courses through the wight!
The wight is almost destroyed.
You hit the wight but do no damage. You hit the wight.
Lightning courses through the wight!!
You destroy the wight!
The wight is distracted by your dazzling golden aura.
The wight barely misses you.
Unknown command.
You barely miss the wight.
The wight is almost destroyed.
You slash the wight!
The wight is no longer distracted by gold.
You block the wight's attack. The wight barely misses you.
Your shield prevents you from hitting the wight.
The wight is almost destroyed.
You hit the wight. You block the wight's attack. The wight closely misses you.
The wight hits you with a +3 scimitar.
* * * LOW HITPOINT WARNING * * *
You closely miss the wight.
The wight is almost destroyed.
You hit the wight but do no damage. You block the wight's attack.
The wight hits you with a +3 scimitar!
You die...
Your body crumbles into a pile of gold.

#.....# #.....# #.....#
#.....# #####.....###
########...#........
########.........$#........
................@z$........
.................z#≈.......
..................#........
.............###'##..<..###
'#######.....# .........#
.......#######.........>#
>....... ...........#
........ ............#
........ .......{...


You could see 2 wights.

Vanquished Creatures
  A sky beast (D:6)
  An ogre (D:5)
  A bullfrog (D:3)
  A scorpion (D:3)
  2 wights (D:6)
  2 orc priests (D:3)
  A centaur skeleton (D:5)
  An orc wizard (D:3)
  An iguana (D:5)
  A killer bee zombie (D:5)
  A hound skeleton (D:5)
  An adder (D:2)
  A gnoll (D:5)
  2 white imps
  11 orcs (D:3)
  2 ball pythons (D:2)
  4 endoplasms
  5 giant cockroaches
  6 hobgoblins
  3 jackals (D:2)
  8 kobolds
  3 quokkas
  6 bats (D:3)
  4 frilled lizards
  7 goblins
  2 rats (D:3)
78 creatures vanquished.

Vanquished Creatures (others)
  An orc wizard (D:3)
1 creature vanquished.

Grand Total: 79 creatures vanquished

Notes
Turn   | Place    | Note
-------+----------+-------------------------------------------
     0 | D:1      | NFM the Hill Orc Fighter began the quest for the Orb.
     0 | D:1      | Reached XP level 1. HP: 19/19 MP: 1/1
   223 | D:1      | Found a faded altar of an unknown god.
   282 | D:1      | Reached XP level 2. HP: 27/27 MP: 2/2
  1360 | D:2      | Reached skill level 3 in Axes
  1360 | D:2      | Reached XP level 3. HP: 32/33 MP: 3/3
  2109 | D:3      | Reached skill level 4 in Axes
  2109 | D:3      | Reached XP level 4. HP: 12/40 MP: 4/4
  2513 | D:3      | Noticed a scorpion
  2523 | D:3      | Found Byikkac's Distillery.
  2537 | D:3      | Killed a scorpion
  2538 | D:3      | Reached skill level 1 in Dodging
  2538 | D:3      | Reached XP level 5. HP: 26/47 MP: 5/5
  2744 | D:3      | Reached skill level 5 in Axes
  2879 | D:3      | Reached XP level 6. HP: 35/53 MP: 6/6
  3033 | D:3      | Found an ornate altar of the Wu Jian Council.
  3051 | D:3      | Reached skill level 1 in Stealth
  3843 | D:4      | Found a broken altar of Ashenzari.
  3845 | D:4      | Found an iron altar of Okawaru.
  3845 | D:4      | Found an opulent altar of Gozag.
  3846 | D:4      | Found a glowing golden altar of the Shining One.
  3854 | D:4      | Found a sacrificial altar of Ru.
  3875 | D:4      | Became a worshipper of Gozag Ym Sagoz the Greedy
  3942 | D:4      | Found a sparkling altar of Nemelex Xobeh.
  4060 | D:4      | Identified a scroll of acquirement
  4060 | D:4      | Acquired a staff of conjuration
  4064 | D:5      | Entered Level 5 of the Dungeon
  4067 | D:5      | Noticed Grinder
  4089 | D:4      | Paralysed by Grinder for 3 turns
  4093 | D:4      | Paralysed by Grinder for 4 turns
  4374 | D:5      | Reached skill level 6 in Axes
  4613 | D:5      | Reached XP level 7. HP: 60/60 MP: 7/7
  4656 | D:5      | Found a glowing silver altar of Zin.
  4710 | D:5      | Reached skill level 5 in Fighting
  4746 | D:5      | Found a transporter.
  4758 | D:5      | Found a transporter.
  4820 | D:5      | Found a one-way gate to the infinite horrors of the Abyss.
  4820 | D:5      | Noticed IBeShadow's ghost (novice GnWz)
  4847 | D:5      | Noticed Menkaure
  5152 | D:6      | Reached skill level 5 in Shields
  5156 | D:6      | HP: 2/57 [wight (2)]
  5161 | D:6      | Slain by a wight

Illustrated notes

Levels and vault maps discovered:
D:1:      dpeg_arrival_pond, layout_loops_cross,
          dilly_ecumenical_altar_fadedgnrine, minmay_liquid_box
D:2:      layout_loops_ring
D:3:      layout_rooms, mainiacjoe_overflow_six_doors_small, serial_shops,
          nicolae_shop_trees, kennysheep_donut
D:4:      layout_rooms, nemelex_spade_bored_becter, minitemple,
          hangedman_decor_growths
D:5:      kennysheep_windowed_halls, layout_cave_pools, zin_statuary,
          makhleb_altar_promises_db, gammafunk_ghost_abyssal_escape,
          minmay_misc_feat_chi, uniq_menkaure, uniq_crazy_yiuf_cottage,
          uniq_grinder
D:6:      layout_gridville, kennysheep_minor_cross, uniq_duvessa

Skill      XL: |  1  2  3  4  5  6  7 |
---------------+----------------------+-----
Axes           | 3 4 5 6 |  6.9
Fighting       | 4 5 |  5.2
Shields        | 4 5 |  5.1
Dodging        | 1 2 |  2.2
Stealth        | 1 |  1.5
Armour         | |  3.7

Action                   |  1- 3 |  4- 6 |  7- 9 || total
-------------------------+-------+-------+-------++-------
Melee: War axe           |   122 |   106 |    34 ||   262
  Use: Scroll            |     4 |     4 |     1 ||     9
       Potion            |       |     1 |     2 ||     3
 Stab: Sleeping          |     1 |     2 |       ||     3
Armor: Robe              |    32 |    44 |     7 ||    83
       Scale mail        |     2 |       |       ||     2
Dodge: Dodged            |    53 |    58 |    17 ||   128
Block: Kite shield       |    64 |    68 |    15 ||   147
